 Dungeon Crawl Stone Soup version 0.18-a0-1774-gce1f7b6 (webtiles) character file.

33 M4edhros the Grave Robber (level 3, -1/21 HPs)
             Began as an Octopode Necromancer on Apr 15, 2016.
             Slain by an orc (2 damage)
             ... on level 3 of the Dungeon.
             The game lasted 00:01:45 (324 turns).

M4edhros the Grave Robber (Octopode Necromancer)     Turns: 324, Time: 00:01:46

Health: -1/21      AC:  1    Str:  7    XL:     3   Next: 29%
Magic:  5/6        EV: 12    Int: 17    God:
Gold:   22         SH:  0    Dex: 13    Spells: 1 memorised, 5 levels left

rFire  . . .     SeeInvis .       - Unarmed
rCold  . . .     Gourm    .     (no shield)
rNeg   . . .     Faith    .     (helmet restricted)
rPois  .         Spirit   .     (no amulet)
rElec  .         Dismiss  .     (no ring)
rCorr  .         Reflect  .     (no ring)
SustAt .         Harm     .     (no ring)
MR     .....                    (no ring)
Stlth  +++.......               (no ring)
                                (no ring)
                                (no ring)
                                (no ring)

@: lethally poisoned (-1 -> -5), not resistant to hostile enchantments, fairly
stealthy
A: almost no armour, amphibious, 8 rings, constrict 8, camouflage 1, gelatinous
body 1
a: no special abilities


You were on level 3 of the Dungeon.
You were not hungry.

You visited 1 branch of the dungeon, and saw 3 of its levels.

You collected 22 gold pieces.

Inventory:

Missiles
 c - 27 stones (quivered)
Scrolls
 e - a scroll of enchant armour {unknown}
 f - a scroll of remove curse {unknown}
 h - a scroll of teleportation {unknown}
Potions
 d - a potion of might
Books
 a - a book of Necromancy

   Spells                             Type                      Level
   a - Pain                           Necromancy                   1
   b - Animate Skeleton               Necromancy                   1
   c - Vampiric Draining              Necromancy                   3
   d - Regeneration                   Charms/Necromancy            3
   e - Animate Dead                   Necromancy                   4
   f - Control Undead                 Necromancy                   4
Comestibles
 b - 3 bread rations
 g - a chunk of flesh


   Skills:
 - Level 2.0 Dodging
 - Level 2.6 Stealth
 + Level 2.8 Unarmed Combat
 - Level 2.0 Spellcasting
 - Level 4.0 Necromancy


You had 5 spell levels left.
You knew the following spells:

 Your Spells              Type           Power        Failure   Level  Hunger
a - Pain                  Necr           ###.         3%          1    #......


Dungeon Overview and Level Annotations

Branches:
Dungeon (3/15)

Altars:
Dithmenos


Innate Abilities, Weirdness & Mutations

You cannot wear most types of armour.
You are amphibious.
You can wear up to eight rings at the same time.
You can use your tentacles to constrict eight enemies at once.
Your skin changes colour to match your surroundings (Stealth).
Your rubbery body absorbs attacks (AC +1).


Message History

You feel sick. The orc barely misses you. The adder bites you.
* * * LOW HITPOINT WARNING * * *
Unknown command.
Unknown command.
Unknown command.
You barely miss the adder. You grab the adder.
The adder is moderately wounded.
You constrict the adder. The adder barely misses you.
Unknown command.
You tentacle-slap the adder.
The adder is almost dead.
You constrict the adder. The adder barely misses you.
The orc barely misses you. x2
An ice beast comes into view.
Unknown command.
Unknown command.
You barely miss the adder. You squeeze the adder.
You kill the adder!
The orc hits you but does no damage. The orc hits you.
You die...

..#. ##... ..#
#... ..o..
#####?.# ...Y.
#......# ....
##.....##..# ###
#.....o.o.# ...
#....@....##.#
#....oo..†...#
##.......†...##
#.>...........##
#...............
#.......<.......
##..............
##............#
####.........#


You could see an ice beast, an orc wizard and 3 orcs.

Vanquished Creatures
  2 adders
  A giant gecko (D:1)
  3 hobgoblins
  4 jackals
  2 kobolds (D:1)
  A giant newt (D:1)
  A rat (D:1)
14 creatures vanquished.

Notes
Turn   | Place    | Note
--------------------------------------------------------------
     0 | D:1      | M4edhros the Octopode Necromancer began the quest for the Orb.
     0 | D:1      | Reached XP level 1. HP: 11/11 MP: 3/3
    56 | D:1      | Reached skill level 1 in Unarmed Combat
   158 | D:1      | Reached XP level 2. HP: 8/17 MP: 5/5
   219 | D:2      | Found a faded altar to an unknown god.
   259 | D:2      | Found a shadowy altar of Dithmenos.
   311 | D:3      | Reached XP level 3. HP: 21/21 MP: 6/6
   318 | D:3      | HP: 1/21 [orc/flail (12)]
   324 | D:3      | Noticed an ice beast
   324 | D:3      | Slain by an orc

Vault maps used:
D:1:      minmay_arrival_three_doors, serial_forest, infiniplex_forest_corner_2,
          infiniplex_forest_clump_diagonal, infiniplex_forest_lined_2,
          infiniplex_forest_clump_tiny, infiniplex_forest_clump_large,
          infiniplex_forest_straight_2, infiniplex_forest_straight_4,
          infiniplex_forest_fountain, infiniplex_forest_lined_room_2
D:2:      grunt_dithmenos_smoke_and_mirrors, lemuel_round_altar,
          ecumenical_altar_2, grunt_decor_clamped, item_on_display_a,
          uniq_sigmund
D:3:      first_bread

Skill      XL: |  1  2 |
---------------+-------+-----
Unarmed Combat | 1 2 |  2.8
Dodging        | |  2.0
Stealth        | |  2.6
Spellcasting   | |  2.0
Necromancy     | |  4.0

Action                   || total
-------------------------++-------
Melee: Unarmed           ||    22
       Constrict         ||     3
       Tentacles         ||     3
       Punch             ||     1
 Cast: Pain              ||    10
  Use: Potion            ||     3
 Stab: Sleeping          ||     3
Dodge: Dodged            ||    13
